Map: Ruines de Seras

Players

Plutonun

  • Race: Protoss Protoss
  • League: Silver

Ganis - Winner!

  • Race: Zerg Zerg

VOD

Have the link to the VOD?

Description

Time

  • Played on: Nov. 11, 2015, 11:18 a.m.
  • Length: 11:26
Show
View Real Time Build Order
Export as new Build Order

Plutonun Protoss 

Build Orders:  

Get SALT Encoding   

  12  0:01  Probe (Chrono Boost)  
  13  0:11  Probe (Chrono Boost)  
  14  0:20  Pylon  
  14  0:23  Probe (Chrono Boost)  
  15  0:39  Probe (Chrono Boost)  
  16  0:44  Gateway  
  16  0:49  Probe (Chrono Boost)  
  17  0:59  Assimilator  
  17  1:01  Probe (Chrono Boost)  
  17  1:04  Assimilator  
  18  1:11  Probe (Chrono Boost)  
  19  1:22  Probe (Chrono Boost)  
  20  1:31  Cybernetics Core  
  21  1:32  Probe (Chrono Boost)  
  21  1:43  Probe (Chrono Boost)  
  22  1:54  Probe (Chrono Boost), Pylon  
  23  2:12  Stalker, Mothership Core (Chrono Boost)  
  23  2:14  Warp Gate  
  27  2:31  Probe (Chrono Boost)  
  28  2:41  Probe (Chrono Boost)  
  29  2:52  Probe (Chrono Boost)  
  29  2:54  Pylon  
  29  2:56  Nexus  
  30  3:02  Probe (Chrono Boost)  
  31  3:13  Probe (Chrono Boost)  
  31  3:22  Stalker  
  31  3:23  Probe (Chrono Boost)  
  31  3:26  Forge  
  34  3:31  Gateway  
  34  3:38  Pylon  
  34  3:46  Probe (Chrono Boost)  
  35  3:52  Sentry (Chrono Boost)  
  37  3:57  Probe  
  38  4:08  Probe  
  38  4:09  Probe (Chrono Boost)  
  40  4:12  Photon Cannon  
  40  4:14  Photon Cannon  
  40  4:19  Probe (Chrono Boost)  
  40  4:22  Robotics Facility  
  41  4:25  Probe (Chrono Boost)  
  41  4:30  Probe (Chrono Boost)  
  43  4:33  Sentry  
  45  4:41  Probe (Chrono Boost)  
  45  4:44  Probe (Chrono Boost)  
  47  4:45  Protoss Ground Weapons Level 1  
  47  4:51  Probe (Chrono Boost), Photon Cannon  
  48  4:54  Probe (Chrono Boost)  
  48  4:59  Photon Cannon  
  49  5:00  Pylon  
  49  5:04  Probe (Chrono Boost)  
  50  5:08  Assimilator  
  50  5:10  Probe (Chrono Boost)  
  50  5:12  Sentry  
  50  5:13  Sentry, Assimilator  
  55  5:22  Observer (Chrono Boost)  
  56  5:34  Pylon  
  56  5:36  Twilight Council  
  56  5:39  Stalker, Gateway  
  56  5:40  Gateway  
  58  5:43  Stalker  
  58  5:47  Observer (Chrono Boost)  
  61  5:52  Probe  
  61  5:55  Probe  
  63  6:03  Probe  
  63  6:07  Probe  
  65  6:17  Gateway, Blink (Chrono Boost)  
  65  6:19  Pylon  
  65  6:21  Pylon  
  65  6:25  Templar Archives, Pylon  
  65  6:27  Pylon  
  65  6:29  Observer (Chrono Boost)  
  66  6:38  Probe  
  67  6:40  Stalker  
  67  6:41  Stalker x2  
  67  6:42  Protoss Ground Armor Level 1 (Chrono Boost)  
  67  6:43  Sentry  
  75  6:48  Probe  
  76  7:02  Psionic Storm  
  76  7:07  Immortal  
  76  7:13  Zealot  
  76  7:14  Zealot x3  
  76  7:15  Zealot  
  90  7:22  Probe  
  91  7:28  Photon Cannon  
  91  7:34  Photon Cannon  
  91  7:41  Probe  
  92  7:45  High Templar x2  
  92  7:49  Immortal  
  96  7:53  Probe  
  96  7:54  Probe  
  102  7:58  Gateway  
  102  8:01  Pylon  
  102  8:02  Photon Cannon  
  102  8:06  Probe, Pylon  
  103  8:16  High Templar  
  103  8:17  High Templar  
  103  8:18  Zealot  
  103  8:19  Zealot  
  111  8:20  Zealot  
  113  8:28  Probe  
  113  8:30  Warp Prism (Chrono Boost)  
  113  8:34  Charge  
  116  8:47  Zealot  
  116  8:48  Zealot x2  
  122  8:50  Zealot  
  124  8:56  Nexus, Pylon, Protoss Ground Weapons Level 2  
  124  9:01  Pylon  
  124  9:07  Pylon  
  124  9:11  Probe  
  124  9:12  Probe  
  126  9:22  Photon Cannon  
  126  9:26  Gateway  
  126  9:28  Probe x2, Gateway  
  128  9:37  Assimilator  
  128  9:39  Assimilator  
  128  9:40  Probe  
  129  9:49  Stalker x2  
  129  9:51  High Templar x2  
  137  9:53  High Templar x2  
  141  10:02  Archon  
  141  10:03  Archon  
  141  10:06  Probe  
  141  10:09  Probe x2  
  144  10:17  Probe  
  145  10:21  Probe x2  
  145  10:25  Immortal (Chrono Boost)  
  151  10:53  Robotics Bay  
  88  11:12  Archon  
  88  11:15  Stalker x2  
  88  11:16  Stalker x3  
  88  11:17  Zealot x3  
Show
View Real Time Build Order
Export as new Build Order

Ganis Zerg - Winner!

Build Orders: 3 Hatch before Pool, Lurkers 

Get SALT Encoding   

  12  0:01  Drone  
  13  0:12  Overlord  
  13  0:20  Drone  
  14  0:31  Drone x2  
  14  0:35  Drone  
  17  0:58  Drone  
  17  0:59  Hatchery  
  17  1:21  Hatchery  
  16  1:27  Drone  
  16  1:30  Drone  
  18  1:44  Spawning Pool  
  17  1:49  Overlord  
  17  1:53  Drone  
  18  1:57  Drone  
  19  2:03  Drone  
  20  2:15  Drone x2  
  22  2:27  Drone  
  23  2:31  Zergling x2  
  23  2:33  Queen  
  23  2:36  Queen  
  28  2:39  Drone  
  29  2:47  Drone  
  29  2:48  Drone x3  
  33  3:06  Drone x7  
  40  3:20  Extractor  
  40  3:22  Extractor  
  40  3:23  Queen x2  
  42  3:28  Overlord  
  42  3:37  Roach Warren  
  42  3:39  Queen  
  42  3:40  Spine Crawler  
  42  3:48  Drone x6  
  43  3:49  Drone  
  48  3:58  Evolution Chamber  
  47  4:14  Lair  
  47  4:20  Extractor  
  46  4:27  Drone  
  46  4:28  Drone x2  
  46  4:29  Overlord x3  
  49  4:32  Metabolic Boost  
  49  4:35  Overlord  
  49  4:41  Extractor  
  49  4:43  Hatchery  
  47  4:53  Roach  
  47  4:54  Roach x5  
  47  4:58  Drone  
  47  4:59  Drone x3  
  63  5:22  Glial Reconstitution  
  63  5:27  Zerg Missile Weapons Level 1  
  63  5:32  Evolution Chamber, Drone  
  63  5:33  Drone x5  
  68  5:48  Drone, Extractor  
  68  5:49  Drone x5  
  74  5:50  Drone x7, Extractor  
  74  5:55  Drone  
  74  5:56  Drone x3  
  83  6:07  Zerg Ground Armor Level 1  
  83  6:13  Hydralisk Den  
  83  6:16  Infestation Pit  
  83  6:17  Drone  
  83  6:18  Drone x2  
  84  6:19  Drone x3  
  87  6:41  Overlord  
  87  6:44  Lurker Den  
  87  6:45  Hatchery  
  86  6:54  Overlord x3  
  86  6:55  Overlord  
  84  7:10  Overlord x3  
  84  7:17  Hive  
  84  7:19  Drone x2  
  86  7:31  Hatchery  
  86  7:34  Roach  
  86  7:35  Hydralisk x8  
  103  7:42  Zergling x4  
  105  8:02  Zerg Missile Weapons Level 2  
  105  8:03  Zerg Ground Armor Level 2  
  105  8:09  Extractor  
  105  8:11  Extractor  
  103  8:26  Roach  
  105  8:27  Roach x8  
  121  8:38  Adrenal Glands  
  121  8:41  Drone x3  
  123  8:42  Overlord x3  
  123  8:47  Hatchery  
  123  8:53  Viper x3  
  132  8:57  Roach x4  
  132  8:58  Roach x4  
  148  9:07  Zergling x6  
  152  9:17  Lurker  
  152  9:18  Lurker x5  
  152  9:19  Lurker x2  
  152  9:20  Overlord  
  152  9:21  Overlord x2  
  158  9:49  Muscular Augments  
  157  9:54  Ultralisk Cavern  
  157  9:58  Drone x3  
  159  10:02  Drone x2  
  159  10:04  Hydralisk x11  
  159  10:05  Hydralisk x8  
Tags
 
Composition
Lurkers
League
Silver
Matchup
PvZ
Replay Pack
1st pack
Add a new tag
Caveats
  • Supply blocks, unpowered buildings, or Contaminate may cause inaccurate times.
  • Supply counts are checked every 10 seconds.